 Dungeon Crawl Stone Soup version 0.22-b1-59-g0aedee7 (webtiles) character file.

1866 MTVSty1e the Cleaver (level 9, -4/52 HPs)
             Began as a Gargoyle Monk on Aug 9, 2018.
             Slain by a two-headed ogre
             ... wielding a +0 giant club
              (13 damage)
             ... on level 8 of the Dungeon.
             The game lasted 00:09:37 (5609 turns).

MTVSty1e the Cleaver (Gargoyle Monk)                Turns: 5609, Time: 00:09:37

Health: -4/52      AC: 20    Str: 23      XL:     9   Next: 13%
Magic:  9/9        EV:  6    Int: 12 (13) God:
Gold:   328        SH:  8    Dex: 11 (12) Spells: 8/8 levels left

rFire    . . .     SeeInvis .   t - +0 war axe
rCold    + . .     Gourm    .   w - +0 shield (curse)
rNeg     + . .     Faith    +   u - +0 chain mail
rPois    ∞         Spirit   .   (no helmet)
rElec    +         Reflect  .   v - +0 cloak
rCorr    .         Harm     .   (no gloves)
MR       .....                  (no boots)
Stlth    ..........             e - amulet of faith
HPRegen  0.17/turn              j - ring of protection from cold
MPRegen  0.11/turn              i - +5 ring of protection

@: mighty
A: clever 1, deterioration 1, high mp 1, negative energy resistance 1,
electricity resistance, unbreathing, evolution 1, petrification resistance, no
potion heal 1, rot immunity, sturdy frame 1, AC +6
a: no special abilities


You were on level 8 of the Dungeon.
You were near starving.

You visited 2 branches of the dungeon, and saw 9 of its levels.

You collected 350 gold pieces.
You spent 22 gold pieces at shops.

Inventory:

Hand Weapons
 t - a +0 war axe (weapon)
 x - a +2 mace of protection
Armour
 u - a +0 chain mail (worn)
 v - a +0 cloak (worn)
 w - a cursed +0 shield (worn)
Jewellery
 e - an amulet of faith (around neck)
 i - a +5 ring of protection (right hand)
 j - a ring of protection from cold (left hand)
Wands
 b - a wand of disintegration (14)
Scrolls
 a - 2 scrolls of enchant weapon {unknown}
 f - 6 scrolls of teleportation {unknown}
 h - 4 scrolls of identify
 k - 4 scrolls of remove curse {unknown}
 m - 2 scrolls of enchant armour {unknown}
 n - 2 scrolls of immolation {unknown}
 o - 2 scrolls of blinking {unknown}
 p - a scroll of noise {unknown}
 r - 4 scrolls of magic mapping {unknown}
Potions
 g - a potion of lignification {unknown}
 l - 2 potions of curing
 s - a potion of degeneration {unknown}
Comestibles
 c - 11 rations


   Skills:
 * Level 3.8 Fighting
 * Level 10.6 Axes
 + Level 1.0 Armour
 - Level 2.4 Dodging
 - Level 2.1 Stealth
 + Level 1.0 Shields


You had 8 spell levels left.
You didn't know any spells.
Your spell library contained the following spells:

 Spells                   Type           Power        Failure   Level  Hunger
 Magic Dart               Conj           #...         100%        1    ##.....
 Conjure Flame            Conj/Fire      #.......     100%        3    ####...
 Slow                     Hex            #.......     100%        2    ###....
 Confuse                  Hex            #.......     100%        3    ####...
 Mephitic Cloud           Conj/Pois/Air  #.......     100%        3    ####...
 Blink                    Tloc           N/A          100%        2    ###....
 Iskenderun's Mystic Bla  Conj           #.......     100%        4    #####..
 Call Imp                 Summ           #.......     100%        2    ###....
 Confusing Touch          Hex            #.....       100%        1    ##.....
 Metabolic Englaciation   Hex/Ice        #.........   100%        5    ######.
 Petrify                  Tmut/Erth      #.......     100%        4    #####..
 Fulminant Prism          Conj/Hex       #.........   100%        4    #####..
 Dazzling Spray           Conj/Hex       #.....       100%        3    ####...
 Force Lance              Conj/Tloc      #.......     100%        4    #####..
 Searing Ray              Conj           #.....       100%        2    ###....
 Gell's Gravitas          Tloc           #.........   100%        3    ####...
 Yara's Violent Unravell  Hex/Tmut       #.........   100%        5    ######.


Dungeon Overview and Level Annotations

Branches:
Dungeon (8/15)             Temple (1/1) D:6
   Lair: D:8-11

Altars:
Ashenzari
Cheibriados
Dithmenos
Elyvilon
Fedhas
Gozag
Makhleb
Nemelex Xobeh
Qazlal
Ru
Sif Muna
Trog
Uskayaw
Vehumet
Xom
Yredelemnul
Zin
The Shining One

Shops:
D:5 [   D:6 }

Annotations:
D:5 Prince Ribbit


Innate Abilities, Weirdness & Mutations

You are resistant to torment.
Your stone body is resilient. (AC +6)
You are immune to poison.
You resist negative energy. (rN+)
You are resistant to electric shocks. (rElec)
You can survive without breathing.
You are immune to petrification.
You are immune to rotting.
Your mind is acute. (Int +2)
Your body sometimes deteriorates upon taking damage.
You have an increased reservoir of magic. (+10% MP)
You evolve.
Potions are less effective at restoring your health.
Your movements are slightly less encumbered by armour. (ER -2)


Message History

* * * LOW HITPOINT WARNING * * *
The adder bites you.
* * * LOW HITPOINT WARNING * * *
Your system partially rejects the healing.
You feel much better. The two-headed ogre barely misses you.
The two-headed ogre completely misses you.
You block the adder's attack.
You slash the two-headed ogre!
The two-headed ogre is severely wounded.
You slash the adder!
You kill the adder!
Your Armour skill increases to level 1!
The two-headed ogre hits you with a giant club!
* * * LOW HITPOINT WARNING * * *
The two-headed ogre hits you with a giant club.
* * * LOW HITPOINT WARNING * * *
You slash the two-headed ogre!
The two-headed ogre is almost dead.
The two-headed ogre hits you with a giant club!
You die...

#..<....# ..
#.......##.# #
#..........( .#
#.......##.##.#
#.......# ...##
#.......# ......
#.....####....##
#.....#..O......
#.......@.......
#.....#.........
#.....##......#.
########......#
#........
#.#..#.##
#.#.##.# #.#.# #


You could see a two-headed ogre.

Vanquished Creatures
  A hungry ghost (D:8)
  Duvessa (D:7)
  2 sky beasts
  3 ice beasts
  2 ogres
  A centaur (D:6)
  Blork the orc (D:5)
  Dowan (D:7)
  3 scorpions
  A crimson imp (D:8)
  A hound (D:5)
  3 orc priests
  5 orc wizards
  5 worker ants
  A killer bee zombie (D:7)
  A hound zombie (D:5)
  7 gnolls
  4 adders
  5 worms
  5 dart slugs
  3 leopard geckos
  12 orcs
  2 giant cockroaches
  A goblin (D:3)
  8 hobgoblins
  7 jackals
  6 kobolds
  6 quokkas
  2 ball pythons
  7 bats
  13 frilled lizards
  2 leopard gecko skeletons
  A leopard gecko zombie (D:8)
  A quokka skeleton (D:4)
  6 rats
130 creatures vanquished.

Vanquished Creatures (others)
  A plant (D:4)
1 creature vanquished.

Grand Total: 131 creatures vanquished

Notes
Turn   | Place    | Note
-------+----------+-------------------------------------------
     0 | D:1      | MTVSty1e the Gargoyle Monk began the quest for the Orb.
     0 | D:1      | Reached XP level 1. HP: 14/14 MP: 1/1
    34 | D:1      | Reached skill level 3 in Axes
    91 | D:1      | Reached XP level 2. HP: 19/19 MP: 2/2
   483 | D:2      | Reached XP level 3. HP: 21/23 MP: 3/3
   541 | D:2      | Found an opulent altar of Gozag.
   682 | D:2      | Reached skill level 4 in Axes
   918 | D:2      | Found a deep blue altar of Sif Muna.
  1293 | D:3      | Reached XP level 4. HP: 28/28 MP: 4/4
  1815 | D:4      | Reached skill level 5 in Axes
  1955 | D:4      | Reached XP level 5. HP: 32/32 MP: 5/5
  2088 | D:4      | Reached skill level 6 in Axes
  2088 | D:4      | Reached XP level 6. HP: 37/37 MP: 6/6
  2161 | D:4      | Found a sacrificial altar of Ru.
  2162 | D:4      | Got a steaming rapier
  2235 | D:4      | Identified the +3 rapier of Gadgheo {pierce, rElec Dex+3} (You found it on level 4 of the Dungeon)
  2442 | D:5      | Entered Level 5 of the Dungeon
  2536 | D:5      | Found a shadowy altar of Dithmenos.
  2632 | D:5      | Noticed Blork the orc
  2643 | D:5      | Killed Blork the orc
  2787 | D:5      | Found Xakhlovuepp's Armour Boutique.
  2790 | D:5      | Bought a cursed +0 shield for 22 gold pieces
  2839 | D:5      | Reached skill level 7 in Axes
  2839 | D:5      | Reached XP level 7. HP: 38/41 MP: 7/7
  2902 | D:5      | Found a stormy altar of Qazlal.
  3252 | D:5      | Reached skill level 8 in Axes
  3499 | D:5      | Noticed Prince Ribbit
  3529 | D:5      | Gained mutation: Your magical capacity is low. (-10% MP) [potion of mutation]
  3529 | D:5      | Gained mutation: You evolve. [potion of mutation]
  3535 | D:5      | Reached XP level 8. HP: 30/46 MP: 7/7
  3564 | D:5      | Lost mutation: Your magical capacity is low. (-10% MP) [potion of mutation]
  3564 | D:5      | Gained mutation: Your body sometimes deteriorates upon taking damage. [potion of mutation]
  3564 | D:5      | Gained mutation: Your movements are slightly less encumbered by armour. (ER -2) [potion of mutation]
  3564 | D:5      | Gained mutation: Potions are less effective at restoring your health. [potion of mutation]
  3564 | D:5      | Gained mutation: You have an increased reservoir of magic. (+10% MP) [potion of mutation]
  3805 | D:6      | Found a shattered altar of Ashenzari.
  3917 | D:6      | Gained mutation: Your mind is acute. (Int +2) [evolution]
  3992 | D:6      | Found a sparkling altar of Nemelex Xobeh.
  4010 | D:6      | Reached skill level 9 in Axes
  4050 | D:6      | Found Oriz's Gadget Shoppe.
  4158 | D:6      | Found a shadowy altar of Dithmenos.
  4247 | D:6      | Found a snail-covered altar of Cheibriados.
  4388 | D:6      | Found a staircase to the Ecumenical Temple.
  4480 | Temple   | Entered the Ecumenical Temple
  5033 | D:7      | Noticed Dowan
  5033 | D:7      | Noticed Duvessa
  5053 | D:7      | Killed Duvessa
  5066 | D:7      | Killed Dowan
  5066 | D:7      | Reached skill level 10 in Axes
  5336 | D:7      | Reached XP level 9. HP: 51/51 MP: 9/9
  5598 | D:8      | Noticed a two-headed ogre
  5602 | D:8      | Reached skill level 1 in Shields
  5608 | D:8      | Reached skill level 1 in Armour
  5609 | D:8      | Slain by a two-headed ogre

Skill      XL: |  1  2  3  4  5  6  7  8  9 |
---------------+----------------------------+-----
Axes           | 3 4 5 6 7 8 10 | 10.6
Shields        | 1 |  1.0
Armour         | 1 |  1.0
Fighting       | |  3.8
Dodging        | |  2.4
Stealth        | |  2.1

Action                   |  1- 3 |  4- 6 |  7- 9 || total
-------------------------+-------+-------+-------++-------
Melee: Hand axe          |   147 |   116 |       ||   263
       War axe           |       |    38 |   172 ||   210
       Rapier            |       |    58 |    96 ||   154
       Scimitar          |       |       |    14 ||    14
       Mace              |       |       |    10 ||    10
  Use: Scroll            |       |     2 |       ||     2
       Potion            |       |       |     9 ||     9
 Stab: Sleeping          |     5 |       |       ||     5
  Eat: Chunk             |     1 |     2 |     2 ||     5
       Ration            |       |     1 |     2 ||     3
Armor: Robe              |    53 |       |       ||    53
       Scale mail        |    16 |    72 |       ||    88
       Chain mail        |       |    95 |   225 ||   320
Dodge: Dodged            |    91 |    80 |    74 ||   245
Block: Shield            |       |     8 |    86 ||    94
       Rpst.: Scimitar   |       |       |     5 ||     5
